Map: Daybreak LE (Void)

Players

Namshar

  • Race: Zerg Zerg
  • Spawn Location: 7:00

DeMusliM - Winner!

  • Race: Terran Terran
  • League: Master
  • Spawn Location: 1:00

Event: WESG 2016 Finals

VOD

Have the link to the VOD?

Description

Time

  • Played on: Jan. 12, 2017, 1:13 a.m.
  • Length: 13:52

All games in this series

Show
View Real Time Build Order
Export as new Build Order

Namshar Zerg 

Build Orders: Hatch First 

Get SALT Encoding   

  12  0:00  Drone  
  13  0:12  Overlord  
  13  0:17  Drone  
  14  0:32  Drone x2  
  14  0:34  Drone  
  17  0:53  Hatchery  
  17  0:55  Drone  
  17  0:58  Drone  
  18  1:09  Extractor  
  17  1:14  Spawning Pool  
  17  1:18  Drone  
  17  1:21  Drone  
  18  1:29  Drone  
  19  1:38  Overlord  
  19  1:50  Drone  
  20  2:00  Queen  
  20  2:01  Zergling x2  
  23  2:04  Queen  
  23  2:05  Zergling x2  
  26  2:11  Drone, Metabolic Boost  
  26  2:15  Drone  
  28  2:21  Drone  
  29  2:26  Overlord  
  29  2:33  Drone  
  30  2:39  Queen  
  32  2:44  Drone x2  
  32  2:48  Drone  
  35  2:54  Overlord  
  35  3:00  Drone  
  35  3:04  Drone  
  37  3:13  Drone x7  
  37  3:18  Drone  
  44  3:37  Queen x2  
  44  3:40  Roach Warren  
  44  3:41  Drone  
  46  3:47  Drone x3  
  49  3:59  Drone  
  49  4:00  Drone, Extractor  
  49  4:01  Drone x2  
  52  4:05  Overlord  
  52  4:06  Overlord  
  52  4:12  Hatchery  
  59  4:24  Roach x4  
  59  4:25  Roach x3  
  59  4:30  Spore Crawler  
  64  4:41  Spore Crawler, Overlord, Lair  
  64  4:42  Spore Crawler, Overlord  
  62  4:54  Extractor  
  61  5:00  Overlord  
  61  5:01  Drone  
  61  5:02  Drone  
  61  5:03  Drone x2  
  65  5:08  Overlord  
  65  5:09  Drone x3  
  65  5:10  Drone x2  
  70  5:21  Drone  
  70  5:22  Drone  
  72  5:28  Queen  
  72  5:30  Roach x2  
  75  5:36  Drone x6  
  75  5:39  Drone  
  82  5:44  Drone  
  82  5:47  Glial Reconstitution  
  83  5:51  Evolution Chamber  
  83  5:52  Evolution Chamber  
  82  5:57  Drone, Extractor  
  82  5:58  Drone x3  
  82  6:03  Drone x8  
  92  6:09  Overseer  
  92  6:14  Overlord x3, Overseer  
  92  6:18  Zerg Ground Armor Level 1, Zerg Melee Weapons Level 1  
  92  6:19  Drone x2  
  92  6:21  Extractor x2  
  92  6:23  Drone  
  93  6:34  Overlord  
  93  6:35  Infestation Pit  
  93  6:39  Drone  
  94  6:40  Drone x5  
  94  6:47  Drone  
  99  6:50  Hatchery  
  97  7:09  Hatchery  
  97  7:10  Burrow  
  97  7:11  Infestor, Hive  
  97  7:12  Infestor x2  
  97  7:14  Drone  
  103  7:16  Baneling Nest  
  103  7:18  Zergling x26  
  103  7:21  Ravager  
  103  7:22  Ravager, Overlord  
  117  7:32  Zergling x6  
  120  7:50  Drone  
  120  7:51  Drone x6  
  127  7:52  Drone  
  127  7:55  Zergling x2  
  127  7:56  Ravager x3, Zergling x2  
  133  8:02  Pneumatized Carapace  
  133  8:15  Extractor  
  133  8:16  Extractor  
  133  8:17  Drone  
  133  8:18  Zergling x2  
  133  8:19  Zergling x16  
  141  8:22  Ravager x3  
  141  8:23  Centrifical Hooks  
  141  8:24  Baneling  
  141  8:25  Baneling x12  
  144  8:30  Zergling x2  
  144  8:31  Zergling x12  
  150  8:38  Overlord x6  
  149  8:46  Zerg Melee Weapons Level 2  
  149  8:48  Ultralisk Cavern  
  148  8:55  Zerg Ground Armor Level 2  
  148  9:01  Drone  
  148  9:02  Drone x3  
  152  9:04  Spore Crawler  
  152  9:09  Drone  
  152  9:19  Adrenal Glands  
  152  9:24  Hatchery  
  152  9:26  Ravager, Overseer  
  152  9:34  Chitinous Plating  
  152  9:36  Ultralisk  
  164  9:38  Ultralisk  
  164  9:41  Zergling x2  
  164  9:42  Zergling x46  
  188  9:50  Overlord x2  
  188  9:53  Drone  
  188  9:54  Spire  
  188  10:13  Baneling  
  188  10:14  Baneling x7, Ultralisk  
  180  10:15  Ultralisk  
  192  10:27  Drone x3  
  192  10:28  Drone  
  195  10:34  Ultralisk x2  
  197  10:45  Zergling x2  
  197  10:46  Zergling x4  
  197  10:48  Extractor  
  198  10:50  Extractor  
  191  11:00  Ultralisk, Zergling x20  
  191  11:01  Zergling x10  
  141  11:28  Overseer  
  141  11:29  Ultralisk x2, Zergling x22  
  154  11:33  Infestor  
  154  11:35  Pathogen Glands  
  155  11:41  Drone  
  155  11:42  Drone x3  
  159  11:54  Roach x4  
  167  11:55  Baneling  
  167  11:56  Baneling x8  
  167  12:04  Ultralisk  
  167  12:07  Drone x4  
  177  12:08  Spore Crawler  
  177  12:09  Spore Crawler  
  177  12:13  Greater Spire  
  175  12:18  Ultralisk, Zergling x12  
  187  12:26  Corruptor x2  
  191  12:37  Ravager x4  
  194  12:38  Zergling x8  
  194  12:39  Zergling x4  
  172  13:08  Ultralisk x2, Zergling x2  
  172  13:09  Zergling x32  
  150  13:18  Roach x2  
  150  13:19  Roach x2  
  149  13:20  Zergling x2  
  149  13:21  Zergling x18  
Show
View Real Time Build Order
Export as new Build Order

DeMusliM Terran - Winner!

Build Orders: Reaper Expand, Bio Tank, Banshee Rush 

Get SALT Encoding   

  12  0:00  SCV  
  13  0:12  SCV  
  14  0:17  Supply Depot  
  14  0:25  SCV  
  15  0:29  Refinery  
  15  0:39  SCV  
  16  0:46  Barracks  
  16  0:51  SCV  
  17  1:03  SCV  
  18  1:15  SCV  
  19  1:32  Orbital Command  
  19  1:33  Reaper  
  20  1:45  Command Center  
  20  1:55  Factory  
  20  1:59  SCV  
  21  2:07  Barracks Reactor  
  21  2:12  SCV  
  21  2:15  Supply Depot  
  22  2:18  Refinery  
  22  2:24  SCV  
  23  2:37  SCV  
  24  2:45  Starport  
  24  2:49  SCV  
  24  2:50  Hellion  
  24  2:51  Hellion  
  29  2:56  Orbital Command  
  29  2:59  Barracks Tech Lab  
  29  3:04  SCV  
  30  3:11  Widow Mine x2  
  34  3:16  SCV  
  35  3:23  SCV  
  35  3:24  Marine  
  37  3:28  Medivac  
  37  3:29  SCV  
  40  3:37  SCV  
  41  3:41  SCV  
  41  3:42  Marine  
  41  3:45  Supply Depot x2  
  43  3:49  SCV  
  43  3:53  SCV  
  43  3:55  Cloaking Field  
  45  4:01  SCV  
  46  4:06  Banshee  
  46  4:07  Hellion x2  
  53  4:10  Supply Depot  
  53  4:13  SCV  
  53  4:14  SCV  
  55  4:25  Command Center  
  55  4:28  SCV  
  55  4:29  Supply Depot  
  56  4:32  Marine  
  57  4:39  SCV  
  57  4:44  SCV  
  59  4:51  Barracks Tech Lab, SCV  
  60  4:54  Banshee  
  60  4:56  SCV  
  64  5:01  Barracks x2, Engineering Bay  
  64  5:03  SCV, Factory Reactor  
  64  5:04  Engineering Bay  
  65  5:10  SCV  
  66  5:15  SCV  
  66  5:16  Marine, Stimpack  
  66  5:19  Refinery  
  62  5:22  SCV  
  62  5:27  SCV  
  64  5:34  SCV  
  65  5:39  Marauder, SCV, Terran Infantry Weapons Level 1  
  65  5:40  Terran Infantry Armor Level 1  
  65  5:42  Orbital Command  
  66  5:46  Refinery, SCV  
  67  5:51  SCV  
  68  5:57  Marine x4  
  68  5:58  SCV  
  68  5:59  Starport Reactor  
  68  6:03  Barracks, SCV  
  74  6:05  Barracks  
  74  6:10  SCV  
  75  6:14  Supply Depot, Siege Tank  
  75  6:15  Marine, SCV  
  80  6:19  Orbital Command  
  80  6:22  SCV  
  80  6:23  Marine x3  
  80  6:24  Marine  
  85  6:27  SCV  
  86  6:33  Marine, Armory  
  86  6:34  SCV  
  89  6:40  SCV  
  89  6:41  Marine x3  
  89  6:42  Marauder  
  89  6:46  Siege Tank  
  97  6:47  SCV  
  97  6:48  SCV  
  97  6:51  Marine  
  97  6:54  Barracks Reactor x2, Bunker  
  101  6:58  Marine, Medivac  
  101  7:09  Supply Depot  
  101  7:10  Supply Depot  
  101  7:11  Supply Depot  
  101  7:13  Supply Depot x2  
  101  7:15  Marine x3, SCV x3, Medivac  
  109  7:23  Missile Turret x2  
  109  7:25  Refinery  
  109  7:30  Marine x2  
  109  7:31  SCV x2  
  109  7:33  Marine x4, Marauder  
  109  7:36  Marine x2  
  121  7:37  Terran Infantry Weapons Level 2  
  121  7:40  Terran Infantry Armor Level 2  
  121  7:46  SCV x3  
  121  7:48  Marine x2  
  121  7:50  Marine  
  121  7:51  Marine, Supply Depot  
  127  7:52  Supply Depot  
  127  7:54  Missile Turret  
  127  7:55  Marauder  
  127  7:56  Siege Tank  
  133  7:58  Medivac  
  133  7:59  Medivac  
  133  8:05  Marine, Supply Depot  
  137  8:08  Marine  
  137  8:09  Supply Depot  
  137  8:12  Marine x2, Combat Shields  
  141  8:16  Marauder  
  141  8:17  Marine x2  
  141  8:18  Marine x2  
  147  8:20  Terran Vehicle Weapons Level 1  
  147  8:28  Marine  
  147  8:29  Factory  
  147  8:33  Medivac  
  150  8:38  Marauder  
  150  8:41  Siege Tank  
  155  8:42  Marine x2  
  155  8:43  Marine x3  
  160  8:58  Command Center, Missile Turret  
  160  8:59  Marauder, Marine x2  
  160  9:00  Marine x2  
  166  9:07  Marine x3  
  169  9:10  Medivac x2  
  169  9:13  Factory Tech Lab  
  173  9:18  Marine x2  
  173  9:20  Refinery, Marauder  
  173  9:21  Supply Depot  
  173  9:23  Marine, Supply Depot  
  173  9:24  Marine  
  179  9:29  Barracks  
  179  9:30  Marine x2  
  181  9:37  Barracks  
  181  9:42  Marine, Missile Turret  
  181  9:43  Siege Tank x2  
  188  9:48  Marine x2  
  188  9:49  Marine, Marauder  
  192  9:56  Medivac  
  194  10:10  Marine  
  194  10:11  Marine, Marauder  
  194  10:12  Planetary Fortress  
  191  10:15  Marine x2, Siege Tank x2  
  199  10:29  Marine  
  199  10:30  Barracks Tech Lab x2, Concussive Shells  
  199  10:32  Marauder  
  192  10:36  Marine  
  193  10:47  Siege Tank  
  193  10:48  Terran Infantry Weapons Level 3  
  196  10:54  Marauder  
  197  10:57  Marine  
  197  10:58  Marine x2, Marauder  
  197  10:59  Siege Tank  
  197  11:00  Marine x2  
  197  11:01  Marine x2, Marauder  
  198  11:07  Refinery  
  162  11:11  Marine  
  162  11:15  Marauder, Marine  
  162  11:16  Marine x2  
  162  11:18  Marine x4  
  143  11:19  Marauder, Medivac, Siege Tank  
  143  11:22  Marauder  
  145  11:29  Marine  
  145  11:31  Siege Tank  
  130  11:33  Marine x3, Liberator x2  
  130  11:34  Starport  
  130  11:36  Marine x2, Marauder  
  130  11:38  Marine  
  130  11:39  Marine  
  139  11:41  Marauder  
  139  11:43  Marauder  
  143  11:47  Marine  
  143  11:51  Marine x3  
  143  11:54  Marine  
  153  11:56  Refinery  
  153  11:58  Marauder  
  156  12:04  Marine x3, Marauder  
  156  12:05  Marine, Marauder  
  156  12:06  Liberator  
  164  12:09  Marine x2  
  164  12:12  Missile Turret  
  166  12:16  Liberator  
  166  12:17  Siege Tank  
  166  12:18  Siege Tank  
  166  12:21  Missile Turret  
  172  12:25  Missile Turret  
  172  12:27  Marine x3, Marauder  
  172  12:28  Marine, Marauder  
  183  12:34  Missile Turret  
  186  12:41  Marine, Marauder  
  186  12:44  Marine  
  190  12:45  Missile Turret  
  190  12:49  Marauder, Siege Tank  
  190  12:51  Marine x2, Marauder  
  199  12:54  Command Center  
  199  13:05  Marine x3, Marauder  
  168  13:09  Marine  
  168  13:10  Marauder, Siege Tank  
  168  13:11  Medivac  
  153  13:15  Marine  
  153  13:16  Marine, Marauder  
  158  13:27  Marine  
  158  13:28  Marauder  
  158  13:29  Marine x2  
Tags
 
Add a new tag
Caveats
  • Supply blocks, unpowered buildings, or Contaminate may cause inaccurate times.
  • Supply counts are checked every 10 seconds.